Unix NetHack Version 3.7.0-102 Work-in-progress - last build Apr 6 2024 13:22:21 (d302a6a9ff6341f1a922d8f5af178406b35fdf99,branch:master). Game began 2024-05-01 15:01:16, ended 2024-05-01 17:01:15. fstd, neutral male human Wizard ---------- ------- |........| |.....| |........| #.....(.# |........| #|.....|############################ |........| ----- #----.--# #` |........| |...-############ ## # # #### ----.----- |...| ######################## ######## # |...+### ## # ### # |...| # # #-------- # |...-# ----------------# ## #|.<(....#` #### -----# |..............| #------- #|.....{| # --------.--- ####|..............| #|......##[###.......| ###-......f...| #|..............| ^-.....| ###|.......# |.....@....| #-...(...`.......#####|.{..*.###[ --------####...........| ---------------- ------- ------------ Fstd the Thaumaturge St:11 Dx:14 Co:12 In:18 Wi:16 Ch:10 Neutral S:8449 Dlvl:6 $:0 HP:0(72) Pw:64(112) AC:2 Xp:8 T:7514 Burdened Latest messages: The sasquatch hits again! The sasquatch kicks! The sasquatch hits! The sasquatch hits again! The sasquatch kicks! The sasquatch hits! The sasquatch hits again! The sasquatch misses! What do you want to zap? [O or ?*] O In what direction? > You dig a hole through the ground. You fall through... What do you want to use or apply? [louO or ?*] u You put 17 gold pieces into the bag called holding!. The door opens. You have a little trouble lifting W - a yellowish brown gem. In what direction? l The spell hits it. The jaguar misses! The jaguar hits! The jaguar bites! The jaguar hits! The jaguar hits again! The jaguar bites! In what direction? u The spell hits it. The jaguar misses! The jaguar hits! The jaguar misses! The jaguar hits! The jaguar hits again! The jaguar misses! The jaguar hits! The jaguar hits again! The jaguar bites! In what direction? u The spell hits it. You feel more confident in your spell casting skills. The jaguar hits! The jaguar hits again! The jaguar bites! The jaguar hits! The jaguar hits again! The jaguar bites! You die... Do you want your possessions identified? [ynq] (y) y Do you want to see your attributes? [ynq] (y) y Do you want an account of creatures vanquished? [ynaq] (y) y Do you want to see your conduct and achievements? [ynq] (y) y Do you want to see the dungeon overview? [ynq] (y) y Inventory: Amulets ('"') J - an uncursed amulet of ESP (being worn) Weapons (')') x - 5 uncursed +0 darts (at the ready) z - 9 uncursed corroded +0 darts T - 14 cursed -1 darts Armor ('[') H - an uncursed +0 dwarvish iron helm (being worn) V - an uncursed +2 helmet C - an uncursed +0 pair of leather gloves (being worn) P - an uncursed +0 pair of iron shoes (being worn) b - an uncursed +0 cloak of magic resistance (being worn) U - an uncursed +0 oilskin cloak Q - an uncursed +0 leather armor (being worn) Potions ('!') S - 4 uncursed potions of healing Rings ('=') e - an uncursed ring of poison resistance (on left hand) d - an uncursed ring of slow digestion (on right hand) Wands ('/') O - an uncursed wand of digging (0:1) Tools ('(') u - an uncursed bag of holding containing 35 items l - an uncursed magic lamp (lit) o - a cursed skeleton key Gems/Stones ('*') W - an uncursed worthless piece of yellowish brown glass Contents of the bag of holding: 957 gold pieces 2 uncursed +0 daggers 2 uncursed puddis a cursed puddi 3 uncursed food rations 2 uncursed tripe rations 2 uncursed tins of lizard meat 2 uncursed lichen corpses an uncursed scroll of create monster an uncursed scroll of destroy armor 3 uncursed scrolls of identify named u 2 cursed scrolls of identify named c a cursed scroll of light an uncursed scroll of magic mapping an uncursed scroll of punishment an uncursed scroll of scare monster a blessed scroll of teleportation an uncursed potion of fruit juice a cursed potion of fruit juice an uncursed potion of gain energy a cursed potion of gain level 2 uncursed potions of healing an uncursed potion of object detection an uncursed potion of paralysis an uncursed potion of sickness an uncursed potion of sleeping an uncursed wand of light (0:14) an uncursed wand of striking (0:3) an empty uncursed sack an uncursed magic marker (0:21) a cursed oil lamp an uncursed +0 pick-axe an uncursed tallow candle an uncursed tin opener an uncursed chrysoberyl stone Fstd the Wizard's attributes: Background: You were a Thaumaturge, a level 8 male human Wizard. You were neutral, on a mission for Thoth who was opposed by Ptah (lawful) and Anhur (chaotic). You were right-handed. You were in the Dungeons of Doom, on level 6. You entered the dungeon 7514 turns ago. You had 1783 experience points, 777 more were needed to attain level 9. Your score was 8449 before end-of-game adjustments. Basics: You had 0 out of 72 hit points. You had 64 out of 112 energy points (spell power). Your armor class was 2. Your wallet was empty, but you had 957 zorkmids stashed away in your pack. Autopickup was on for '$"?!=+/(*' plus thrown, with exceptions. Final Characteristics: Your strength was 11 (limit:18/100). Your dexterity was 14 (peak:15, limit:18). Your constitution was 12 (limit:18). Your intelligence was 18 (limit:18). Your wisdom was 16 (limit:18). Your charisma was 10 (limit:18). Final Status: You weren't hungry. You were burdened; movement was slightly slowed. You were empty handed. You were unskilled in bare handed combat. Final Attributes: You were piously aligned. You were magic-protected. You were poison resistant. You saw invisible. You were telepathic. You had slower digestion. You were warded. You are dead. Miscellaneous: You disabled loading of bones levels. Total elapsed playing time was 1 hour, 59 minutes and 59 seconds. Major events: Turn 1: fstd the neutral male human Wizard entered the dungeon 715: entered the Gnomish Mines 725: attained the rank of Conjurer (level 3) 2528: attained the rank of Thaumaturge (level 6) 4666: reached Mine Town 7514: killed by a jaguar Vanquished creatures: a small mimic a leprechaun an orc-captain a giant spider a vampire bat a dwarf mummy a gold golem a werewolf a dwarf leader 2 dust vortices a snake 6 Uruk-hai a rock mole a pony 10 gnome leaders 2 gnomish wizards a gray ooze a straw golem 4 giant ants 3 floating eyes 10 dwarves a homunculus 2 kobold leaders 11 hill orcs 12 rothes a giant bat an orc zombie 5 dwarf zombies a werejackal 5 iguanas 2 killer bees 2 acid blobs 5 coyotes 2 hobbits 8 manes a hobgoblin 2 giant rats 7 cave spiders a yellow mold a green mold a red mold 30 gnomes a garter snake 3 gnome zombies 5 geckos 2 jackals a fox a kobold 2 goblins 2 sewer rats 9 grid bugs a bat 5 lichens 2 kobold zombies 4 newts 190 creatures vanquished. No species were genocided or became extinct. Voluntary challenges: You read items or engraved 1 time. You never engraved Elbereth. You never genocided any monsters. You never polymorphed an object. You never changed form. You used no wishes. Achievements: You entered a shop. You entered the Gnomish Mines. You attained the rank of Conjurer. You attained the rank of Thaumaturge. You entered Minetown. You entered a temple. The Dungeons of Doom: levels 1 to 7 Level 1: Many fountains. Level 2: "shop+kat" Level 3: A sink, a grave. Stairs down to The Gnomish Mines. Level 4: A grave. Level 5: "stash" Some fountains. Level 6: <- You were here. Some fountains. Final resting place for you, killed by a jaguar. Level 7: A fountain. The Gnomish Mines: levels 4 to 8 Level 4: Level 5: Level 6: Level 7: "angry priest" A temple and an altar to Thoth, some fountains. Level 8: Game over: ---------- / \ / REST \ / IN \ / PEACE \ / \ | fstd | | 957 Au | | killed by a | | jaguar | | | | | | 2024 | *| * * * | * _________)/\\_//(\/(/\)/\//\/|_)_______ Goodbye fstd the Wizard... You died in The Dungeons of Doom on dungeon level 6 with 8354 points, and 957 pieces of gold, after 7514 moves. You were level 8 with a maximum of 72 hit points when you died.